 Dungeon Crawl Stone Soup version 0.30-a0-371-gad7725a93e (webtiles) character file.

Game seed: 13915524844530253164

15642 Elric the Fighter (level 12, -16/101 (103) HPs)
             Began as a Demonspawn Fighter on Nov 21, 2022.
             Was a Priest of Qazlal.
             Demolished by Echos's ghost (23 damage)
             ... on level 2 of the Lair of Beasts on Nov 22, 2022.
             The game lasted 00:24:03 (13614 turns).

Elric the Fighter (Demonspawn Fighter)             Turns: 13614, Time: 00:24:03

HP:   -16/101 (103) AC: 17    Str: 18    XL:     12   Next: 3%
MP:   21/22         EV:  8    Int: 12    God:    Qazlal [***...]
Gold: 661           SH: 17    Dex: 14    Spells: 22/25 levels left

rFire   . . .      SeeInvis .    x - +5 broad axe of Sewadokh {flame, Will++}
rCold   . . .      Faith    .    c - +0 buckler
rNeg    . . .      Spirit   .    L - +0 chain mail
rPois   .          Reflect  +    y - +2 hat {Will+}
rElec   .          Harm     .    n - +1 cloak
rCorr   +          Rampage  .    e - +1 pair of gloves {hurl}
Will    +++..                    K - +0 pair of boots
Stlth   ..........               o - amulet of reflection
HPRegen 0.36/turn                A - ring of resist corrosion
MPRegen 0.18/turn                (no ring)

@: mighty, ice-armoured, attractive, lightly drained
A: sturdy frame 2, condensation shield, demonic magic 2, weakness stinger 1
a: Renounce Religion, Upheaval, Elemental Force


You were on level 2 of the Lair of Beasts.
You worshipped Qazlal.
Qazlal was most pleased with you.
You visited 3 branches of the dungeon, and saw 13 of its levels.
You also visited: Ossuary.

You collected 661 gold pieces.

Inventory:

Hand Weapons
 a - a +0 war axe
 x - the +5 broad axe of Sewadokh (weapon) {flame, Will++}
   (You acquired it on level 6 of the Dungeon)

   It burns those it strikes, dealing additional fire damage.
   Big, fiery blades are also staple armaments of hydra-hunters.
   Will:      It greatly increases your willpower.
Missiles
 i - 2 throwing nets (quivered)
 B - 6 datura-tipped darts
Armour
 c - a +0 buckler (worn)
 e - a +1 pair of gloves of hurling (worn)
 n - a +1 cloak (worn)
 y - a +2 hat of willpower (worn)
 K - a +0 pair of boots (worn)
 L - a +0 chain mail (worn)
Jewellery
 m - an amulet of regeneration
 o - an amulet of reflection (around neck)
 A - a ring of resist corrosion (left hand)
 I - a ring of fire
 N - a ring of ice
 T - a ring of ice
Wands
 k - a wand of acid (4)
 p - a wand of polymorph (23)
 G - a wand of paralysis (7)
 M - a wand of mindburst (8)
 P - a wand of roots (12)
Scrolls
 f - a scroll of silence
 g - 7 scrolls of immolation
 h - 13 scrolls of identify
 j - 2 scrolls of vulnerability
 l - a scroll of magic mapping
 r - 4 scrolls of enchant weapon
 s - 2 scrolls of poison
 u - 13 scrolls of noise
 z - 2 scrolls of teleportation
 O - 3 scrolls of amnesia {unknown}
 Q - 3 scrolls of butterflies {unknown}
 R - a scroll of brand weapon {unknown}
 S - a scroll of blinking {unknown}
Potions
 b - 2 potions of curing {unknown}
 d - a potion of might
 q - a potion of experience {unknown}
 t - 2 potions of brilliance {unknown}
 v - 2 potions of invisibility {unknown}
 w - 2 potions of ambrosia {unknown}
 C - 2 potions of flight {unknown}
 D - 2 potions of mutation {unknown}
 E - a potion of magic {unknown}
 F - a potion of cancellation {unknown}
 H - a potion of berserk rage {unknown}
 J - 3 potions of attraction


   Skills:
 * Level 12.8 Fighting
 + Level 8.3 Axes
 - Level 2.7 Armour
 - Level 2.7 Shields
 + Level 7.2 Spellcasting
 + Level 7.2 Ice Magic
 + Level 7.0 Invocations


You had 22 spell levels left.
You knew the following spells:

 Your Spells              Type           Power      Damage    Failure   Level
a - Ozocubu's Armour      Ice            21%        N/A       13%         3

Your spell library contained the following spells:

 Spells                   Type           Power      Damage    Failure   Level
 Freeze                   Ice            84%        1d9       4%          1
 Frozen Ramparts          Ice            42%        1d7       13%         3
 Hailstorm                Conj/Ice       13%        3d5       50%         3
 Magic Dart               Conj           16%        1d3       65%         1
 Sandblast                Erth           8%         2d5       65%         1
 Call Imp                 Summ           4%         N/A       78%         2
 Cigotuvi's Dreadful Rot  Necr/Pois/Air  8%         N/A       78%         2
 Passwall                 Tmut/Erth      3%         N/A       78%         2
 Poisonous Vapours        Pois/Air       8%         N/A       78%         2
 Ice Form                 Ice/Tmut       13%        N/A       88%         4
 Kindle Blastsparks       Fire/Tloc/Air  8%         2d10      95%         3
 Mephitic Cloud           Conj/Pois/Air  4%         N/A       95%         3
 Stone Arrow              Conj/Erth      8%         3d7       95%         3
 Metabolic Englaciation   Hex/Ice        6%         N/A       99%         5
 Fulminant Prism          Conj/Hex       2%         3d5       100%        4
 Iskenderun's Mystic Bla  Conj/Tloc      4%         2d3       100%        4
 Lee's Rapid Deconstruct  Erth           2%         3d4*      100%        5
 Simulacrum               Ice/Necr       6%         N/A       100%        6


Dungeon Overview and Level Annotations

Branches:
Dungeon (10/15)            Temple (1/1) D:4            Lair (2/5) D:8
 Spider (0/4) Lair:2      Ossuary (visited)
  Swamp: Lair:2-3    Shoals: Lair:2-3       Orc: D:9-12

Altars:
Ashenzari
Cheibriados
Dithmenos
Fedhas
Gozag
Hepliaklqana
Kikubaaqudgha
Makhleb
Nemelex Xobeh
Okawaru
Qazlal
Ru
Sif Muna
Trog
Uskayaw
Vehumet
Wu Jian
Xom
Yredelemnul

Shops:
D:4 *   D:5 [   D:8 *

Annotations:
D:6 4 runed translucent doors, Crazy Yiuf; PlumEater's ghost, novice MiFi
Lair:2 Echos's ghost, journeyman FoFi


Innate Abilities, Weirdness & Mutations

Your movements are less encumbered by armour. (ER -4)
A meltable shield of frost defends you. (SH +4)
Spells you cast may paralyse nearby enemies.
You have a small tail.


Message History

You hit Echos's ghost but do no damage. You hit the komodo dragon simulacrum.
You melt the komodo dragon simulacrum.
Echos's ghost hits you!!
You block the komodo dragon simulacrum's attack.
You slash Echos's ghost! You burn Echos's ghost.
You tail-slap Echos's ghost, but do no damage.
Echos's ghost is lightly damaged.
You hit the spectral death yak. You burn the spectral death yak.
You barely miss the komodo dragon simulacrum.
Echos's ghost hits you.
You block the spectral death yak's attack.
The komodo dragon simulacrum closely misses you.
You barely miss Echos's ghost.
Echos's ghost is lightly damaged.
You slash the spectral death yak! You burn the spectral death yak.
You slash the komodo dragon simulacrum!
You melt the komodo dragon simulacrum!
The komodo dragon simulacrum vaporises!
Qazlal accepts your kill.
Echos's ghost is engulfed in freezing vapours.
Echos's ghost barely misses you. The spectral death yak gores you.
Echos's ghost is engulfed in freezing vapours.
You block Echos's ghost's attack. The spectral death yak gores you!
You feel drained.
You hit Echos's ghost but do no damage.
Your tail-slap misses Echos's ghost.
Echos's ghost is lightly damaged.
You slash the spectral death yak! You burn the spectral death yak.
You hit the death yak simulacrum.
You melt the death yak simulacrum.
The spectral death yak barely misses you.
You block Echos's ghost's attack. The death yak simulacrum gores you!
The death yak simulacrum freezes you!!!
* * * LOW HITPOINT WARNING * * *
Okay, then.
Okay, then.
Your icy armour will break if you move.
Continue?
Okay, then.
Okay, then.
It was a potion of attraction.
You feel attractive to monsters.
Echos's ghost is engulfed in freezing vapours.
Echos's ghost hits you!!
You die...

..####......P##.##..###.P.##
..#####..##########.####>..####
...#.##..##./#.#..#..##.....#.#
.........###.):!.##...........#
.#####.####.......#(.#........#
.## ### ##.....##...........##
.[# ####.....Z.#####...#.#..#
..# ###..###''W#######...##..##
..######......ZZ@..#P.#.#..##.#
...#.###.###...Z........#.##P.#
.#.##.#.##.....#...#.#....##..#
.##.......#........##......##.#
..#..###..##.#.##.............#
.#..#...#.#..#######.#.....<.##
##..#.>.####.## ##.......##
##..#...#.##..# ##......##
#.#..###..##.## ##..P.#..#


You could see a spectral black mamba, a spectral death yak, a spectral boulder
beetle, Echos's ghost and a death yak simulacrum.

Vanquished Creatures
  Gastronok (D:9)
  2 two-headed ogres (D:9)
  Pikel (D:7)
  5 elephants
  3 black mambas
  A torpor snail (Lair:2)
  Maggie (D:7)
  3 cane toads (Lair:1)
  A troll (D:8)
  A meliai (Lair:2)
  A polar bear (Lair:2)
  A hornet (D:9)
  5 blink frogs (Lair:2)
  2 wyverns
  4 yaks (D:9)
  A spectral komodo dragon (Lair:2)
  A basilisk (Lair:1)
  5 water moccasins
  3 ice beasts
  4 orc warriors
  2 sky beasts
  A black bear (D:4)
  2 ogres
  6 wolves (D:8)
  3 centaurs
  2 phantoms
  A kobold brigand (D:8)
  7 bullfrogs
  4 scorpions
  2 necrophages
  13 wights
  10 killer bees
  2 electric eels (D:8)
  A howler monkey (D:8)
  3 centaur zombies (Ossuary)
  A komodo dragon simulacrum (Lair:2)
  6 orc priests
  7 hounds
  A gnoll bouda (D:6)
  Jessica (D:3)
  4 iguanas
  6 orc wizards
  6 mummies (Ossuary)
  4 adders
  7 gnolls
  A shadow imp (D:5)
  A white imp (D:7)
  2 ufetubi
  3 worms
  2 dart slugs
  31 orcs
  6 ball pythons
  6 endoplasms
  4 giant cockroaches
  6 goblins
  5 hobgoblins
  4 jackals
  11 kobolds
  4 quokkas
  4 bats
  5 frilled lizards
  A gnoll zombie (Ossuary)
  A goblin zombie (Ossuary)
  A hobgoblin zombie (Ossuary)
  A kobold zombie (Ossuary)
  An orc zombie (Ossuary)
  3 rats (D:2)
251 creatures vanquished.

Vanquished Creatures (collateral kills)
  2 dream sheep (Lair:2)
2 creatures vanquished.

Vanquished Creatures (others)
  4 fungi
  A plant (Lair:2)
5 creatures vanquished.

Grand Total: 258 creatures vanquished

Notes
Turn   | Place    | Note
-------+----------+-------------------------------------------
     0 | D:1      | Elric the Demonspawn Fighter began the quest for the Orb.
     0 | D:1      | Reached XP level 1. HP: 18/18 MP: 1/1
   114 | D:1      | Found a faded altar of an unknown god.
   195 | D:1      | You fall into a shaft and drop 1 floor!
   221 | D:2      | Gained mutation: Your movements are slightly less
                  | encumbered by armour. (ER -2) [demonic ancestry]
   221 | D:2      | Reached XP level 2. HP: 24/24 MP: 2/2
   381 | D:2      | Gained mutation: Your movements are less encumbered by
                  | armour. (ER -4) [demonic ancestry]
   381 | D:2      | Reached XP level 3. HP: 23/30 MP: 3/3
   422 | D:2      | Reached skill level 4 in Fighting
  1012 | D:3      | Reached XP level 4. HP: 38/38 MP: 4/4
  1258 | D:3      | Noticed a phantom
  1283 | D:3      | Killed a phantom
  1284 | D:3      | Reached skill level 5 in Fighting
  1284 | D:3      | Reached XP level 5. HP: 40/44 MP: 5/5
  1771 | D:3      | Noticed Jessica
  1783 | D:3      | Killed Jessica
  1830 | D:4      | Found a staircase to the Ecumenical Temple.
  1854 | Temple   | Entered the Ecumenical Temple
  1865 | Temple   | Reached XP level 6. HP: 48/52 MP: 6/6
  2263 | Temple   | Became a worshipper of Qazlal Stormbringer
  2371 | D:4      | Reached skill level 6 in Fighting
  2451 | D:4      | Learned a level 3 spell: Ozocubu's Armour
  2798 | D:4      | Found Syzitam's Assorted Antiques.
  2894 | D:5      | Entered Level 5 of the Dungeon
  2926 | D:4      | Reached skill level 1 in Spellcasting
  2968 | D:5      | Reached skill level 1 in Ice Magic
  2968 | D:5      | Gained mutation: You have a small tail. [demonic ancestry]
  2968 | D:5      | Reached XP level 7. HP: 32/59 MP: 8/8
  3204 | D:5      | Found Ylutseal's Armour Shop.
  3221 | D:5      | Reached * piety under Qazlal
  3273 | D:5      | Found a sand-covered staircase.
  3283 | Ossuary  | Entered an ossuary
  3381 | Ossuary  | Reached skill level 7 in Fighting
  3597 | D:5      | Reached XP level 8. HP: 67/67 MP: 11/11
  4047 | D:5      | Reached skill level 8 in Fighting
  4095 | D:5      | Reached skill level 5 in Axes
  4641 | D:6      | Identified 2 scrolls of acquirement
  4643 | D:6      | Acquired a +1 pair of gloves of hurling
  4650 | D:6      | Acquired the +5 broad axe of Sewadokh {flame, Will++}
  4765 | D:6      | Found a runed translucent gate.
  4765 | D:6      | Found a runed translucent gate.
  4765 | D:6      | Found a runed translucent gate.
  4802 | D:6      | Noticed PlumEater's ghost (novice MiFi)
  4870 | D:6      | Found a runed translucent door.
  4871 | D:6      | Noticed Crazy Yiuf
  4961 | D:6      | Reached ** piety under Qazlal
  5158 | D:6      | Reached XP level 9. HP: 69/75 MP: 14/14
  5718 | D:7      | Reached skill level 9 in Fighting
  5736 | D:7      | Noticed Maggie
  5743 | D:7      | Killed Maggie
  5801 | D:7      | Noticed Pikel
  5813 | D:7      | Killed Pikel
  6088 | D:7      | Reached skill level 10 in Fighting
  6543 | D:8      | Reached skill level 5 in Spellcasting
  6570 | D:8      | Reached skill level 5 in Ice Magic
  6583 | D:8      | Gained mutation: A meltable shield of frost defends you.
                  | (SH +4) [demonic ancestry]
  6583 | D:8      | Reached XP level 10. HP: 34/85 MP: 17/17
  6802 | D:8      | Found a bloodstained altar of Trog.
  6838 | D:8      | Reached skill level 1 in Invocations
  7697 | D:8      | Found a staircase to the Lair.
  7755 | D:8      | Reached *** piety under Qazlal
  7866 | D:8      | Found Luruuss's Lightly-Used Armoury.
  8113 | D:8      | Identified the +10 whip "Kadompae" {speed, Str-2 Int+5}
  8247 | D:9      | Paralysed by a hornet for 2 turns
  9227 | D:9      | Reached skill level 11 in Fighting
  9318 | D:9      | Noticed Gastronok
  9331 | D:9      | Killed Gastronok
  9431 | D:9      | Noticed a two-headed ogre
  9451 | D:9      | Killed a two-headed ogre
  9452 | D:9      | Gained mutation: Spells you cast may paralyse adjacent
                  | enemies. [demonic ancestry]
  9452 | D:9      | Reached XP level 11. HP: 31/94 MP: 17/20
  9980 | D:9      | Noticed a two-headed ogre
  9985 | D:9      | Killed a two-headed ogre
 10181 | D:9      | Found a sparkling altar of Nemelex Xobeh.
 10190 | D:9      | Found a basalt altar of Yredelemnul.
 10193 | D:9      | Found an ornate altar of the Wu Jian Council.
 10333 | D:9      | Reached skill level 5 in Invocations
 10754 | D:10     | Entered Level 10 of the Dungeon
 10766 | D:10     | Noticed a skeletal warrior
 10771 | D:10     | Noticed a skeletal warrior
 11068 | Lair:1   | Entered Level 1 of the Lair of Beasts
 11424 | Lair:1   | Reached skill level 12 in Fighting
 11730 | Lair:1   | HP: 4/95 [poisoned by a cane toad]
 12554 | Lair:2   | Found a hole to the Spider Nest.
 12573 | Lair:2   | HP: 3/96 [meliai/divine providence (11)]
 12579 | Lair:2   | Found a runed translucent gate.
 12579 | Lair:2   | Found a runed translucent gate.
 12579 | Lair:2   | Found a runed translucent gate.
 12901 | Lair:2   | Noticed Echos's ghost (journeyman FoFi)
 13475 | Lair:2   | Gained mutation: Spells you cast may paralyse nearby
                  | enemies. [demonic ancestry]
 13475 | Lair:2   | Reached XP level 12. HP: 93/103 MP: 22/22
 13614 | Lair:2   | Demolished by Echos's ghost

Illustrated notes

Levels and vault maps discovered:
D:1:      minmay_arrival_doors, layout_loops_ring, basic_ecumenical_altar
D:2:      layout_rooms, minmay_mini_jars
D:3:      layout_loops_ring, amethyst_killhole, kennysheep_generic_room_10,
          uniq_jessica
D:4:      layout_rooms, temple_fountains, serial_shops, nicolae_square_shop,
          serial_curves, eino_curves_03, eino_curves_02, eino_curves_03
D:5:      layout_gridville, serial_shops, shop, nicolae_ossuary_entry_ruins
D:6:      layout_loops_ring, gammafunk_ghost_icy, uniq_crazy_yiuf_cottage
D:7:      layout_rooms, corexii_corridor_pit, serial_bayou_pond_e,
          nrook_campfire, uniq_pikel, uniq_maggie
D:8:      layout_gridville, mainiacjoe_overflow_six_doors_small,
          erik_lair_island, minmay_shop_damaged, minmay_misc_feat_more_columns,
          minmay_misc_feat_x, serial_park_tiny_1
D:9:      layout_layer_cave, minitemple, amcnicky_mini_rare_corridor_liquid,
          uniq_gastronok
D:10:     layout_rooms, nicolae_rejected_hall
Temple:   minmay_temple_bridge_d
Lair:1:   layout_chaotic_city
Lair:2:   layout_loops_ring, hellmonk_spider_entry_not_the_bees,
          gammafunk_ghost_necromancy

Skill      XL: |  1  2  3  4  5  6  7  8  9 10 11 |
---------------+----------------------------------+-----
Axes           | 2 3 4 5 6 7 8 |  8.3
Fighting       | 4 5 6 7 8 10 11 12 | 12.8
Spellcasting   | 1 2 3 5 6 7 |  7.2
Ice Magic      | 1 2 3 5 6 7 |  7.2
Invocations    | 4 7 |  7.0
Armour         | |  2.7
Shields        | |  2.7

Action                   |  1- 3 |  4- 6 |  7- 9 | 10-12 || total
-------------------------+-------+-------+-------+-------++-------
Melee: War axe           |   100 |   154 |   159 |       ||   413
       Tailslap          |       |       |    50 |    41 ||    91
       Broad axe         |       |       |   121 |   280 ||   401
 Cast: Ozocubu's Armour  |       |       |       |     1 ||     1
Invok: Upheaval          |       |       |       |     6 ||     6
       Elemental Force   |       |       |       |     2 ||     2
  Use: Potion            |       |     1 |       |     7 ||     8
       Scroll            |       |       |    11 |     2 ||    13
Armor: Scale mail        |    41 |    91 |    64 |       ||   196
       Chain mail        |       |       |    55 |   138 ||   193
Dodge: Dodged            |    46 |   119 |   133 |   104 ||   402
Block: Buckler           |    28 |    40 |   148 |   317 ||   533
       Reflection        |       |       |     3 |     9 ||    12

Table legend: (Time is in decaauts)
 A = Elapsed time spent in this place.
 B = Non-inter-level travel time spent in this place.
 C = Inter-level travel time spent in this place.
 D = Time resting spent in this place.
 E = Time spent auto-exploring this place.
 F = Levels seen in this place.
 G = Mean time per level.
                   A        B        C        D        E       F      G
               +--------+--------+--------+--------+--------+-----+--------+
         Total |  13877 |  13241 |    636 |   3815 |   7451 |  14 |  991.2 |
       Dungeon |  10502 |  10110 |    392 |   2864 |   5719 |  10 | 1050.2 |
        Temple |    509 |    279 |    230 |     26 |    212 |   1 |  509.0 |
          Lair |   2552 |   2539 |     13 |    925 |   1341 |   2 | 1276.0 |
       Ossuary |    313 |    313 |      0 |      0 |    179 |   1 |  313.0 |
               +--------+--------+--------+--------+--------+-----+--------+

Top non-repeatable levels by time:
     D:9: 2509 daAuts
     D:8: 1920 daAuts
  Lair:1: 1368 daAuts
     D:5: 1284 daAuts
     D:6: 1227 daAuts
  Lair:2: 1184 daAuts
     D:7: 1008 daAuts
     D:2: 846 daAuts
     D:3: 845 daAuts
     D:4: 631 daAuts
  Temple: 509 daAuts
 Ossuary: 313 daAuts
     D:1: 202 daAuts
    D:10: 25 daAuts
